Map: [ESL] Altitude

Players

Cham

  • Race: Zerg Zerg
  • Spawn Location: 1:00

trigger - Winner!

  • Race: Protoss Protoss
  • Spawn Location: 7:00

Event: ESL SC2 Masters 2023 Summer (Regionals)

VOD

Have the link to the VOD?

Description

Time

  • Played on: May 6, 2023, 3:17 p.m.
  • Length: 10:44

All games in this series

Show
View Real Time Build Order
Export as new Build Order

Cham Zerg 

Build Orders: Hatch First 

Get SALT Encoding   

  12  0:00  Drone  
  13  0:12  Overlord  
  13  0:17  Drone  
  14  0:31  Drone x2  
  16  0:50  Drone  
  16  0:56  Drone  
  18  1:00  Hatchery  
  18  1:01  Drone  
  18  1:14  Spawning Pool  
  18  1:17  Extractor  
  16  1:18  Drone  
  16  1:22  Drone  
  18  1:28  Drone  
  19  1:40  Drone  
  20  1:55  Overlord  
  20  2:02  Queen  
  22  2:12  Queen, Zergling x4, Drone  
  27  2:19  Metabolic Boost  
  27  2:22  Drone  
  28  2:23  Drone  
  29  2:38  Hatchery  
  28  2:45  Drone x2  
  28  2:51  Queen  
  30  2:57  Overlord  
  32  3:03  Drone  
  32  3:08  Spore Crawler  
  32  3:10  Drone  
  32  3:11  Queen  
  35  3:16  Drone  
  36  3:20  Drone x3  
  36  3:22  Drone  
  36  3:25  Overlord  
  40  3:31  Drone  
  41  3:35  Drone x2  
  41  3:39  Overlord  
  41  3:40  Overlord  
  43  3:45  Zergling x4  
  43  3:47  Drone  
  46  3:50  Spore Crawler  
  46  3:54  Drone  
  46  3:57  Drone x4  
  46  4:01  Drone x2  
  52  4:08  Spore Crawler  
  52  4:09  Drone x2  
  53  4:12  Spore Crawler  
  52  4:18  Drone  
  52  4:19  Overlord, Drone  
  52  4:21  Drone x2  
  57  4:24  Drone  
  57  4:35  Lair  
  57  4:37  Extractor, Drone  
  57  4:39  Drone x4  
  61  4:47  Overlord x2  
  61  4:49  Drone  
  61  4:50  Drone x4  
  63  4:57  Extractor  
  62  5:00  Extractor  
  62  5:02  Drone  
  62  5:03  Drone x4  
  62  5:05  Overlord  
  66  5:08  Hatchery  
  66  5:11  Zergling x4  
  66  5:12  Drone  
  68  5:16  Drone x3  
  68  5:20  Drone  
  68  5:21  Extractor x2  
  71  5:22  Overlord  
  71  5:25  Zergling x2  
  66  5:34  Drone x2, Zergling x4  
  66  5:35  Drone x2  
  70  5:44  Spire, Drone  
  70  5:47  Drone  
  71  5:51  Drone x2  
  71  5:52  Drone  
  71  5:55  Drone  
  71  5:56  Drone  
  76  5:59  Overlord  
  76  6:03  Drone x4  
  80  6:07  Overlord  
  80  6:13  Overlord  
  80  6:15  Overlord x2  
  80  6:17  Drone x2  
  81  6:23  Zergling x6  
  81  6:25  Drone  
  84  6:35  Drone x2  
  84  6:38  Drone  
  84  6:39  Extractor, Drone x5  
  91  6:42  Zergling x2  
  91  6:43  Extractor, Zergling x6  
  91  6:45  Zergling x6  
  91  6:46  Zergling x2  
  98  6:50  Zergling x2  
  100  6:57  Zergling x4  
  100  6:58  Zergling x2  
  103  7:01  Mutalisk  
  103  7:03  Mutalisk  
  103  7:08  Mutalisk  
  106  7:11  Mutalisk  
  106  7:14  Mutalisk x2  
  114  7:16  Mutalisk  
  114  7:21  Hatchery  
  115  7:24  Mutalisk x3  
  115  7:28  Mutalisk x2  
  121  7:30  Zerg Flyer Weapons Level 1, Mutalisk  
  123  7:41  Mutalisk x2  
  127  7:47  Overlord  
  127  7:49  Mutalisk  
  127  7:50  Mutalisk  
  130  7:54  Mutalisk  
  130  7:58  Hatchery  
  128  8:02  Mutalisk x2  
  132  8:11  Mutalisk x4  
  129  8:13  Mutalisk  
  129  8:14  Zergling x8  
  134  8:21  Extractor  
  134  8:22  Mutalisk x2  
  137  8:27  Overlord  
  137  8:29  Extractor  
  137  8:31  Drone  
  137  8:32  Drone  
  138  8:35  Mutalisk x2  
  142  8:44  Mutalisk  
  142  8:45  Zergling x10  
  149  8:48  Overlord  
  149  8:49  Drone  
  149  8:50  Roach Warren  
  149  8:53  Zergling x12  
  155  9:04  Mutalisk x2  
  155  9:05  Zergling x2  
  156  9:17  Mutalisk x5  
  156  9:18  Zergling x12  
  156  9:19  Zergling x6  
  159  9:36  Mutalisk x4  
  159  9:37  Zergling x4  
  159  9:38  Zergling x4  
  167  9:42  Zergling x2  
  166  9:49  Mutalisk x2  
  166  9:50  Mutalisk  
  166  9:51  Zergling x12  
  166  9:52  Zergling x4  
  143  10:00  Mutalisk x2  
  143  10:01  Zergling x8  
  143  10:04  Mutalisk  
  143  10:05  Zergling x2  
  148  10:09  Mutalisk  
  148  10:11  Mutalisk  
  150  10:15  Zergling x2  
  150  10:16  Zergling x12  
  157  10:24  Zergling x6  
  163  10:29  Hatchery  
Show
View Real Time Build Order
Export as new Build Order

trigger Protoss - Winner!

Build Orders: 1 Gate Expand, Oracle Opening 

Get SALT Encoding   

  12  0:00  Probe  
  13  0:12  Probe  
  14  0:19  Pylon  
  14  0:24  Probe  
  15  0:37  Probe (Chrono Boost)  
  15  0:40  Gateway  
  16  0:46  Probe (Chrono Boost)  
  17  0:50  Assimilator  
  17  0:52  Probe  
  18  1:04  Probe  
  19  1:16  Probe  
  20  1:27  Nexus  
  20  1:39  Cybernetics Core  
  20  1:41  Probe  
  21  1:49  Assimilator  
  21  1:53  Probe  
  22  1:57  Pylon  
  22  2:05  Probe  
  23  2:13  Adept (Chrono Boost)  
  23  2:18  Probe  
  23  2:21  Stargate  
  26  2:29  Warp Gate  
  26  2:30  Probe (Chrono Boost)  
  26  2:35  Adept  
  29  2:39  Probe (Chrono Boost)  
  31  2:49  Probe x2 (Chrono Boost)  
  32  2:54  Probe (Chrono Boost)  
  32  2:55  Probe (Chrono Boost)  
  34  3:03  Oracle (Chrono Boost)  
  34  3:05  Probe (Chrono Boost)  
  34  3:12  Probe (Chrono Boost)  
  39  3:16  Pylon  
  39  3:18  Probe (Chrono Boost), Adept  
  42  3:26  Probe x2 (Chrono Boost)  
  44  3:30  Gateway  
  44  3:33  Probe  
  44  3:34  Probe  
  45  3:37  Oracle (Chrono Boost)  
  49  3:45  Probe  
  49  3:46  Probe  
  51  3:57  Probe  
  51  3:59  Nexus  
  51  4:01  Probe  
  53  4:09  Probe  
  54  4:12  Assimilator  
  54  4:14  Pylon  
  54  4:17  Twilight Council, Assimilator  
  54  4:21  Forge  
  54  4:31  Pylon  
  54  4:32  Probe x2  
  56  4:44  Probe x2  
  58  4:50  Blink (Chrono Boost)  
  58  4:54  Protoss Ground Weapons Level 1 (Chrono Boost)  
  58  4:56  Probe x2  
  58  4:58  Gateway  
  58  4:59  Gateway  
  60  5:00  Shield Battery  
  60  5:03  Adept  
  60  5:05  Adept  
  64  5:08  Probe (Chrono Boost)  
  64  5:09  Probe (Chrono Boost)  
  64  5:12  Probe (Chrono Boost)  
  67  5:19  Probe x2 (Chrono Boost)  
  67  5:20  Probe (Chrono Boost)  
  70  5:24  Probe x2 (Chrono Boost)  
  70  5:26  Probe  
  73  5:34  Probe  
  73  5:35  Probe  
  75  5:38  Probe  
  75  5:40  Stalker x2  
  75  5:41  Gateway  
  80  5:43  Gateway  
  80  5:45  Pylon  
  80  5:47  Probe x2  
  82  5:50  Probe  
  82  5:51  Assimilator  
  82  5:52  Stalker  
  82  5:56  Pylon  
  85  6:03  Probe  
  86  6:05  Stalker x3  
  86  6:11  Pylon  
  92  6:12  Pylon  
  92  6:23  Stalker  
  90  6:27  Nexus  
  90  6:28  Stalker x2  
  90  6:30  Probe x3, Pylon  
  97  6:34  Stalker  
  99  6:40  Templar Archives  
  99  6:43  Charge  
  99  6:45  Stalker x2  
  103  6:52  Stalker x3  
  109  6:55  Probe  
  109  6:57  Probe  
  109  6:59  Stalker  
  109  7:01  Probe  
  114  7:04  Pylon  
  112  7:08  Probe  
  112  7:12  Stalker x2  
  112  7:13  Probe  
  112  7:15  Probe  
  119  7:17  Photon Cannon  
  119  7:22  Probe  
  120  7:24  Stalker x3  
  126  7:31  Probe  
  126  7:33  Shield Battery  
  126  7:34  Phoenix (Chrono Boost)  
  129  7:38  Stargate  
  129  7:40  Stargate  
  129  7:43  Photon Cannon  
  129  7:45  Photon Cannon  
  129  7:48  Photon Cannon  
  125  7:51  Protoss Air Weapons Level 1 (Chrono Boost)  
  125  7:55  High Templar x2, Zealot x2  
  125  7:56  Zealot  
  135  8:00  Archon  
  135  8:01  Phoenix (Chrono Boost)  
  135  8:02  Shield Battery  
  135  8:04  Zealot  
  136  8:16  Phoenix (Chrono Boost)  
  138  8:20  Shield Battery  
  138  8:23  Phoenix (Chrono Boost)  
  138  8:24  Phoenix (Chrono Boost)  
  138  8:26  Photon Cannon  
  142  8:28  Assimilator  
  142  8:29  Photon Cannon  
  142  8:31  Zealot x3  
  148  8:40  Pylon  
  148  8:42  Pylon  
  148  8:43  Pylon  
  148  8:50  Assimilator  
  148  8:54  Photon Cannon  
  148  8:58  Phoenix x2  
  148  9:02  Phoenix  
  153  9:06  Zealot x6  
  165  9:21  Gateway  
  165  9:23  Phoenix x2, Gateway  
  161  9:27  Phoenix  
  161  9:28  Zealot x4  
  167  9:40  Fleet Beacon  
  167  9:43  Probe x4  
  171  9:46  Assimilator  
  171  9:48  Phoenix  
  153  9:55  Phoenix  
  153  9:58  Phoenix  
  144  10:05  Zealot x6  
  154  10:15  Phoenix  
  156  10:25  High Templar x5  
  156  10:27  High Templar  
  168  10:28  Nexus  
  168  10:29  Archon x2  
Tags
 
Add a new tag
Caveats
  • Supply blocks, unpowered buildings, or Contaminate may cause inaccurate times.
  • Supply counts are checked every 10 seconds.